 Dungeon Crawl Stone Soup version 0.25-a0-561-g0977b4d109 (webtiles) character file.

Game seed: 18438894494837757526, levelgen mode: deterministic

245 surprisetrex the Firebug (level 6, 0/52 HPs)
             Began as a Hill Orc Fire Elementalist on Feb 25, 2020.
             Engulfed by a cloud of flame (27 damage)
             ... on level 3 of the Dungeon.
             The game lasted 00:19:47 (4255 turns).

surprisetrex the Firebug (HOFE)                     Turns: 4255, Time: 00:19:48

Health: 0/52       AC:  6    Str: 11    XL:     6   Next: 10%
Magic:  7/17       EV: 12    Int: 17    God:
Gold:   155        SH:  0    Dex: 11    Spells: 4/8 levels left

rFire    . . .     SeeInvis .   d - +0 hand axe
rCold    . . .     Gourm    .   (no shield)
rNeg     . . .     Faith    .   a - +0 robe
rPois    .         Spirit   .   v - +0 hat
rElec    .         Reflect  .   u - +2 cloak
rCorr    .         Harm     .   k - +0 pair of gloves
MR       .....                  (no boots)
Stlth    +++.......             (no amulet)
HPRegen  0.17/turn              m - ring of stealth
MPRegen  0.15/turn              o - ring of magical power

@: no status effects
A: no striking features
a: no special abilities


You were on level 3 of the Dungeon.
You were near starving.

You visited 1 branch of the dungeon, and saw 4 of its levels.

You collected 155 gold pieces.

Inventory:

Hand Weapons
 d - a +0 hand axe (weapon)
Missiles
 j - 133 stones (quivered)
 s - 16 sling bullets
 y - 2 throwing nets
Armour
 a - a +0 robe (worn)
 k - a +0 pair of gloves (worn)
 u - a +2 cloak (worn)
 v - a +0 hat (worn)
Jewellery
 m - a ring of stealth (left hand)
 o - a ring of magical power (right hand)
Wands
 b - a wand of random effects (21)
 n - a wand of iceblast (10)
Scrolls
 e - 3 scrolls of remove curse {unknown}
 f - 4 scrolls of identify {unknown}
 g - 2 scrolls of random uselessness {unknown}
 i - 2 scrolls of amnesia {unknown}
 q - 2 scrolls of teleportation {unknown}
 r - a scroll of immolation {unknown}
Potions
 h - a potion of invisibility {unknown}
 l - a potion of haste {unknown}
 p - a potion of heal wounds {unknown}
 t - a potion of mutation {unknown}
 x - a potion of lignification {unknown}
 z - a potion of ambrosia {unknown}
Comestibles
 c - 4 rations


   Skills:
 + Level 3.7 Fighting
 - Level 1.5 Dodging
 - Level 1.5 Stealth
 - Level 1.5 Spellcasting
 - Level 1.0 Conjurations
 * Level 6.2 Fire Magic


You had 4 spell levels left.
You knew the following spells:

 Your Spells              Type           Power        Failure   Level  Hunger
a - Foxfire               Conj/Fire      ##..         4%          1    ##.....
b - Conjure Flame         Conj/Fire      ##......     14%         3    ####...

Your spell library contained the following spells:

 Spells                   Type           Power        Failure   Level  Hunger
 Inner Flame              Hex/Fire       ##......     17%         3    ####...
 Sticky Flame             Conj/Fire      ##......     41%         4    #####..
 Fireball                 Conj/Fire      ##........   77%         5    ######.


Dungeon Overview and Level Annotations

Branches:
Dungeon (4/15)
 Temple: D:4-7

Altars:

Annotations:
D:2 Sigmund
D:3 Duvessa


Message History

You conjure some foxfire!
The foxfire hits Duvessa.
Duvessa is severely wounded.
The foxfire hits Duvessa but does no damage.
Duvessa is severely wounded.
Duvessa says, "The sword shall overcome grief!"
Duvessa weeps.
Duvessa shakes in a combination of rage and grief.
Duvessa hits you with a +0 short sword.
* * * LOW HITPOINT WARNING * * *
Casting: Foxfire (safe; 4% risk of failure)
Confirm with . or Enter, or press ? or * to list all spells.
The fire begins to smolder!
Casting: Conjure Flame (safe; 14% risk of failure)
Confirm with . or Enter, or press ? or * to list all spells.
The fire ignites!
You are near starving!
You are engulfed in blazing flames.
Ouch! That really hurt!
You die...

##.## #.######.# #.###<##.
##...####.### #.# #.#.#.##.
......#.....# #.# #..#.....
.....##.###.# #.# #.....###
........# #.# #.# ###.###
....###.###.# #.##########.#####
....# #.(((.####.##...P).........
###'#######....e.....PP..##..##.#
##...## #.####@##...P..##..##.#
#.....## #.####.##..♣♣.P##..##.#
.......## #..........P♣...#.....#
........###......##.P♣♣♣..P......
........'............P♣♣♣........
........###.........#P♣P♣♣♣.♣...#
.......## ##..##.##.#.PP♣♣PP....#
#.....## #.###.##.#.#.PP...##.#
##...## #...>.....####.##....#


You could see Duvessa.

Vanquished Creatures
  An ogre (D:2)
  Dowan (D:4)
  3 adders
  An ooze (D:2)
  4 worms
  4 dart slugs
  A leopard gecko (D:1)
  3 orcs (D:3)
  4 giant cockroaches
  5 goblins
  5 hobgoblins
  A ball python (D:2)
  9 bats
  4 frilled lizards
  5 kobolds
  A quokka zombie (D:2)
  11 rats
  2 plants (D:3)
65 creatures vanquished.

Vanquished Creatures (others)
  225 foxfires
225 creatures vanquished.

Grand Total: 290 creatures vanquished

Notes
Turn   | Place    | Note
-------+----------+-------------------------------------------
     0 | D:1      | surprisetrex the Hill Orc Fire Elementalist began the quest
                  | for the Orb.
     0 | D:1      | Reached XP level 1. HP: 14/14 MP: 3/3
   147 | D:1      | Reached skill level 1 in Fighting
   147 | D:1      | Reached XP level 2. HP: 23/23 MP: 0/4
   627 | D:1      | Reached skill level 4 in Fire Magic
   968 | D:2      | Reached XP level 3. HP: 18/28 MP: 3/5
  1432 | D:2      | Noticed Sigmund
  1469 | D:1      | Learned a level 3 spell: Conjure Flame
  1865 | D:2      | Reached XP level 4. HP: 36/36 MP: 6/6
  2428 | D:3      | Reached skill level 5 in Fire Magic
  3124 | D:3      | Noticed an ogre
  3226 | D:2      | Killed an ogre
  3226 | D:2      | Reached XP level 5. HP: 45/45 MP: 0/7
  3936 | D:4      | Noticed Duvessa
  3936 | D:4      | Noticed Dowan
  3959 | D:4      | Killed Dowan
  3959 | D:4      | Reached skill level 6 in Fire Magic
  3959 | D:4      | Reached XP level 6. HP: 52/52 MP: 7/8
  4255 | D:3      | Engulfed by a cloud of flame

Levels and vault maps discovered:
D:1:      dpeg_arrival_prison, layout_basic
D:2:      layout_basic, uniq_sigmund
D:3:      layout_loops_corners, serial_forest, infiniplex_forest_lined_2,
          infiniplex_forest_split, infiniplex_forest_pool,
          infiniplex_forest_lined_corner, infiniplex_forest_clump_curved,
          infiniplex_forest_straight_2
D:4:      layout_cave_pools, minmay_bisected, uniq_duvessa, uniq_grinder,
          uniq_natasha

Skill      XL: |  1  2  3  4  5 |
---------------+----------------+-----
Fighting       | 1 2 3 |  3.7
Fire Magic     | 4 5 6 |  6.2
Dodging        | |  1.5
Stealth        | |  1.5
Spellcasting   | |  1.5
Conjurations   | |  1.0

Action                   |  1- 3 |  4- 6 || total
-------------------------+-------+-------++-------
Melee: Hand axe          |    19 |   150 ||   169
Throw: Stone             |       |    15 ||    15
 Cast: Foxfire           |    55 |    87 ||   142
       Conjure Flame     |       |    11 ||    11
 Stab: Sleeping          |     1 |     1 ||     2
  Eat: Chunk             |     4 |     7 ||    11
       Ration            |       |     1 ||     1
Armor: Robe              |     5 |     8 ||    13
Dodge: Dodged            |    12 |    23 ||    35

Table legend:
 A = Non-vault XP
 B = Vault XP
 C = Vault XP percentage of total XP
 D = Non-vault monster count
 E = Vault monster count
 F = Vault count percentage of total count
                 A         B        C        D         E       F
            +---------+---------+-------+---------+---------+-------
      Total |     281 |      70 |  19.9 |      61 |       2 |   3.2
            +---------+---------+-------+---------+---------+-------
        D:1 |      27 |       1 |   3.6 |      17 |       1 |   5.6
        D:2 |     179 |       0 |   0.0 |      24 |       0 |   0.0
        D:3 |      75 |       0 |   0.0 |      20 |       0 |   0.0
        D:4 |       0 |      69 | 100.0 |       0 |       1 | 100.0
            +---------+---------+-------+---------+---------+-------
